 Dungeon Crawl Stone Soup version 0.30.0-17-ge0270778cf (webtiles) character file.

Game seed: 5080729208041039232

261 cheesebisquit the Firebug (level 6, -2/32 HPs)
             Began as a Gargoyle Fire Elementalist on May 21, 2023.
             Slain by a gnoll
             ... wielding a +0 flail
             ... led by a gnoll bouda
              (7 damage)
             ... on level 3 of the Dungeon.
             The game lasted 00:13:13 (3380 turns).

cheesebisquit the Firebug (GrFE)                    Turns: 3380, Time: 00:13:14

Health: -2/32      AC:  7    Str: 11    XL:     6   Next: 18%
Magic:  11/11      EV: 11    Int: 18    God:
Gold:   162        SH:  0    Dex: 10    Spells: 3/12 levels left

rFire   . . .        b - +5 whip
rCold   . . .        (no shield)
rNeg    + . .        a - +0 robe
rPois   ∞            (no helmet)
rElec   +            t - scarf {repulsion}
rCorr   .            (no gloves)
SInv    +            j - +0 pair of boots
Will    .....        (no amulet)
Stlth   ++           l - ring of see invisible
HPRegen 0.25/turn    (no ring)
MPRegen 0.12/turn

%: repel missiles
@: no status effects
A: sickness immunity, AC +4, negative energy resistance 1, electricity
resistance, torment resistance 1, petrification resistance
a: no special abilities


You were on level 3 of the Dungeon.
You visited 1 branch of the dungeon, and saw 4 of its levels.

You collected 162 gold pieces.

Inventory:

Hand Weapons
 b - a +5 whip (weapon)
Armour
 a - a +0 robe (worn)
 j - a +0 pair of boots (worn)
 t - a scarf of repulsion (worn)
Jewellery
 l - a ring of see invisible (left hand)
Scrolls
 e - a scroll of enchant weapon {unknown}
 h - a scroll of magic mapping {unknown}
 k - 2 scrolls of fear {unknown}
 n - 2 scrolls of identify {unknown}
 o - a scroll of teleportation {unknown}
 p - a scroll of blinking {unknown}
 s - a scroll of enchant armour {unknown}
Potions
 c - 3 potions of curing {unknown}
 d - a potion of attraction {unknown}
 f - a potion of ambrosia {unknown}
 g - a potion of might {unknown}
 i - 2 potions of lignification {unknown}
 m - 2 potions of brilliance {unknown}
 q - a potion of flight {unknown}
 r - 2 potions of haste {unknown}
 u - a potion of heal wounds {unknown}


   Skills:
 - Level 1.5 Dodging
 - Level 2.1 Stealth
 + Level 3.5 Spellcasting
 + Level 3.5 Conjurations
 + Level 1.5 Hexes
 + Level 4.3 Fire Magic


You had 3 spell levels left.
You knew the following spells:

 Your Spells              Type           Power      Damage    Failure   Level
a - Foxfire               Conj/Fire      68%        2x1d7     3%          1
b - Scorch                Fire           36%        2d6       3%          2
c - Inner Flame           Hex/Fire       13%        N/A       14%         3
d - Volatile Blastmotes   Fire/Tloc      22%        2d11      19%         3

Your spell library contained the following spells:

 Spells                   Type           Power      Damage    Failure   Level
 Flame Wave               Conj/Fire      17%        2d7       30%         4
 Irradiate                Conj/Tmut      4%         3d13      91%         5
 Blade Hands              Tmut           1%         N/A       99%         5
 Summon Cactus Giant      Summ           1%         N/A       100%        6
 Dragon Form              Tmut           1%         N/A       100%        7


Dungeon Overview and Level Annotations

Branches:
Dungeon (4/15)
 Temple: D:4-7

Altars:
The Shining One


Innate Abilities, Weirdness & Mutations

You are immune to sickness and miasma.
Your stone body is resilient. (AC +4)
You are immune to poison.
You resist negative energy. (rN+)
You are resistant to electric shocks. (rElec)
You are resistant to unholy torment.
You are immune to petrification.


Message History

You climb upwards.
There is a stone staircase leading down here.
You see here a +0 rapier.
You see here 7 stones.
There is a stone staircase leading down here.
You climb downwards.
The gnoll shouts! x5; You hear a shout!
An orc comes into view. It is wielding a +0 dagger.
The gnoll misses you. The gnoll hits you but does no damage.
The gnoll bouda shouts!
The gnoll bouda hits you with a +0 whip.
An orc wizard comes into view. It is wielding a +0 dagger.
Found a chain mail.
There is a stone staircase leading up here.
The gnoll closely misses you. x3
The gnoll hits you from afar with a +0 halberd.
You climb upwards.
There is a stone staircase leading down here.
Okay, then.
Okay, then.
The gnoll hits you with a +0 spear.
The gnoll bouda gazes fiercely through you!
You feel your attacks grow feeble.
The gnoll bouda hits you with a +0 whip!
The gnoll completely misses you. The gnoll attacks as you move away!
The gnoll hits you with a +0 spear.
The gnoll hits you from afar with a +0 spear.
* * * LOW HITPOINT WARNING * * *
The gnoll attacks as you move away! The gnoll hits you with a +0 club.
* * * LOW HITPOINT WARNING * * *
The gnoll bouda barks out a call to the hunt!
The gnolls pick up the pace!
The gnoll attacks as you move away! The gnoll barely misses you.
The gnoll bouda attacks as you move away!
The gnoll bouda misses you. The gnoll attacks as you move away!
The gnoll closely misses you. The gnoll attacks as you move away!
The gnoll hits you but does no damage.
Your attacks no longer feel as feeble.
The gnoll hits you with a +0 flail!
You die...

.#)# #..#[#.#.#.#(#.##.. ...#
#######.)##'.....)##..#.# ...##
#.......#...#####...#.#.# #...#
#.#####.....#...#.#..†#.. ....#
#.# ####..#...#.###..#. .##.#
#.# #.....#...#.#...... .#[####
#.# #.#...##'##...#.###
..###.###.# ##..##'.....'##..#
.###...##.# #..@#.#.#...#)#.##
.##.......# #..g###.....###..#
.###...#######.g#g..#...#...#.#
.# ##.## #.....g........#...#
.####.######.....###...##.#####
...............>.# ######.#
.####)######.....# #.# .# #.#
#.....# #.# ## #.# ####### #)#


You could see a gnoll bouda and 3 gnolls.

Vanquished Creatures
  2 orc priests (D:3)
  Jessica (D:3)
  6 gnolls
  4 adders
  2 worms (D:2)
  A dart slug (D:3)
  5 orcs
  4 ball pythons
  4 bats
  7 endoplasms
  3 giant cockroaches
  6 goblins
  5 hobgoblins
  4 jackals (D:1)
  2 quokkas
  2 frilled lizards (D:3)
  8 kobolds
  2 rats (D:3)
68 creatures vanquished.

Vanquished Creatures (collateral kills)
  2 foxfires (D:1)
2 creatures vanquished.

Vanquished Creatures (others)
  154 foxfires
154 creatures vanquished.

Grand Total: 224 creatures vanquished

Notes
Turn   | Place    | Note
-------+----------+-------------------------------------------
     0 | D:1      | cheesebisquit the Gargoyle Fire Elementalist began the
                  | quest for the Orb.
     0 | D:1      | Reached XP level 1. HP: 10/10 MP: 3/3
   347 | D:1      | Reached XP level 2. HP: 15/15 MP: 0/5
   541 | D:1      | Found a faded altar of an unknown god.
   884 | D:2      | Reached XP level 3. HP: 19/19 MP: 0/6
  1220 | D:2      | Reached XP level 4. HP: 14/24 MP: 6/8
  1290 | D:2      | Learned a level 2 spell: Scorch
  1294 | D:2      | Learned a level 3 spell: Inner Flame
  1872 | D:3      | Learned a level 3 spell: Volatile Blastmotes
  1924 | D:3      | Noticed Jessica
  1935 | D:3      | Killed Jessica
  1936 | D:3      | Reached skill level 4 in Fire Magic
  1936 | D:3      | Reached XP level 5. HP: 17/28 MP: 2/9
  2041 | D:3      | Reached skill level 1 in Hexes
  2691 | D:3      | Reached XP level 6. HP: 32/32 MP: 5/11
  3140 | D:4      | Found a glowing golden altar of the Shining One.
  3380 | D:3      | Slain by a gnoll

Illustrated notes

Levels and vault maps discovered:
D:1:      mushboom_english_gardens, layout_rooms,
          shapermc_ecumenical_altar_hornbeckon
D:2:      layout_basic
D:3:      layout_loops_ring, minmay_fractal_squares_diagonal_5, uniq_jessica
D:4:      layout_rooms, mainiacjoe_overflow_boulevard, serial_aquarium,
          aquarium_bridge_long_joined [aquarium_subvault_wall,
          aquarium_subvault_bridge, aquarium_subvault_window,
          aquarium_subvault_wall, aquarium_subvault_bridge,
          aquarium_subvault_bridge], aquarium_bridge_island_small
          [aquarium_subvault_small_water, aquarium_subvault_balcony,
          aquarium_subvault_bridge, aquarium_subvault_wall,
          aquarium_subvault_bridge], aquarium_window_corridor_1,
          aquarium_window_corner, aquarium_window_1, aquarium_window_fake,
          aquarium_view_2e, aquarium_pool_side

Skill      XL: |  1  2  3  4  5 |
---------------+----------------+-----
Conjurations   | 2 3 |  3.5
Spellcasting   | 3 |  3.5
Fire Magic     | 4 |  4.3
Hexes          | 1 |  1.5
Dodging        | |  1.5
Stealth        | |  2.1

Action                     |  1- 3 |  4- 6 || total
---------------------------+-------+-------++-------
  Melee: Unarmed           |     3 |       ||     3
         Club              |     6 |       ||     6
         Whip              |     1 |    20 ||    21
   Cast: Foxfire           |    50 |    37 ||    87
         Scorch            |       |    30 ||    30
    Use: Potion            |     1 |       ||     1
 Armour: Robe              |     8 |     8 ||    16
  Dodge: Dodged            |    21 |    33 ||    54
